 Dungeon Crawl Stone Soup version 0.25-a0-378-gd2ca0b7745 (webtiles) character file.

Game seed: 9468417349698804244, levelgen mode: deterministic

294 PentaManta the Changer (level 6, -4/43 HPs)
             Began as a Merfolk Transmuter on Jan 7, 2020.
             Slain by a gnoll
             ... wielding a +0 halberd
              (11 damage)
             ... on level 4 of the Dungeon.
             The game lasted 00:10:39 (3792 turns).

PentaManta the Changer (Merfolk Transmuter)         Turns: 3792, Time: 00:10:40

Health: -4/43      AC:  4    Str: 11    XL:     6   Next: 34%
Magic:  11/11      EV: 16    Int: 14    God:
Gold:   206        SH:  3    Dex: 14    Spells: 5/12 levels left

rFire    . . .     SeeInvis .     - Unarmed
rCold    . . .     Gourm    .   o - +0 buckler
rNeg     . . .     Faith    .   b - +1 robe
rPois    .         Spirit   .   (no helmet)
rElec    .         Reflect  .   q - +0 cloak
rCorr    .         Harm     .   (no gloves)
MR       .....                  (no boots)
Stlth    +.........             (no amulet)
HPRegen  0.14/turn              k - +4 ring of evasion
MPRegen  0.12/turn              (no ring)

@: appendage (expiring)
A: change form in water, swift swim, stealthy swim, horns 2
a: End Transformation


You were on level 4 of the Dungeon.
You were not hungry.
You had grown temporary horns.
You visited 1 branch of the dungeon, and saw 4 of its levels.

You collected 206 gold pieces.

Inventory:

Missiles
 a - 29 arrows
Armour
 b - a +1 robe (worn)
 n - a +0 helmet
 o - a +0 buckler (worn)
 q - a +0 cloak (worn)
Jewellery
 k - a +4 ring of evasion (left hand)
Wands
 j - a wand of enslavement (12)
Scrolls
 l - 3 scrolls of remove curse
 p - 3 scrolls of identify
Potions
 c - a potion of curing
 e - a potion of ambrosia {unknown}
 f - 2 potions of agility {unknown}
 g - 3 potions of mutation {unknown}
 h - a potion of heal wounds
 i - a potion of resistance {unknown}
 m - a potion of flight {unknown}
 r - a potion of brilliance {unknown}
Comestibles
 d - 5 rations


   Skills:
 - Level 1.1 Fighting
 - Level 2.6 Dodging
 - Level 3.2 Unarmed Combat
 + Level 3.5 Spellcasting
 - Level 6.0 Transmutations
 * Level 3.3 Ice Magic


You had 5 spell levels left.
You knew the following spells:

 Your Spells              Type           Power        Failure   Level  Hunger
a - Beastly Appendage     Tmut           ###...       3%          1    #......
b - Sticks to Snakes      Tmut           ###.....     4%          2    ##.....
c - Ice Form              Ice/Tmut       ###.....     45%         4    #####..

Your spell library contained the following spells:

 Spells                   Type           Power        Failure   Level  Hunger
 Spider Form              Tmut/Pois      ##........   30%         3    ###....
 Blade Hands              Tmut           ###.......   63%         5    ######.


Dungeon Overview and Level Annotations

Branches:
Dungeon (4/15)
 Temple: D:4-7

Altars:

Annotations:
D:4 Dowan


Innate Abilities, Weirdness & Mutations

You revert to your normal form in water.
You are very nimble and swift while swimming.
You are very stealthy in the water. (Stealth+)
You have a pair of horns on your head.


Message History

You closely miss the gnoll.
The gnoll is severely wounded.
You completely miss the gnoll.
The gnoll is severely wounded.
Your transformation is almost over.
The gnoll hits you with a +0 halberd!
You barely miss the gnoll.
The gnoll is severely wounded.
The gnoll hits you with a +0 halberd!
* * * LOW HITPOINT WARNING * * *
You hit the gnoll.
The gnoll is almost dead.
You block the gnoll's attack.
You hit the gnoll but do no damage.
The gnoll is almost dead.
You block the gnoll's attack.
You hit the gnoll but do no damage. You headbutt the gnoll.
The gnoll is almost dead.
The gnoll hits you with a +0 halberd!
You die...

###
#..
#.#
#.#
#g#
#@#
#.#
#.#
#.#
#(#
#(#
#.#
#.#
#.#


You could see a gnoll.

Vanquished Creatures
  Duvessa (D:4)
  Natasha (thrice) (D:3)
  A gnoll (D:4)
  6 adders
  2 worms
  A dart slug (D:1)
  3 leopard geckos
  5 giant cockroaches
  7 goblins
  8 hobgoblins
  5 jackals (D:2)
  7 kobolds
  12 bats
  7 frilled lizards
  14 rats
82 creatures vanquished.

Vanquished Creatures (collateral kills)
  A kobold (D:2)
1 creature vanquished.

Grand Total: 83 creatures vanquished

Notes
Turn   | Place    | Note
-------+----------+-------------------------------------------
     0 | D:1      | PentaManta the Merfolk Transmuter began the quest for the
                  | Orb.
     0 | D:1      | Reached XP level 1. HP: 15/15 MP: 3/3
    35 | D:1      | Reached skill level 3 in Transmutations
    73 | D:1      | Reached XP level 2. HP: 16/21 MP: 3/5
   220 | D:1      | Reached skill level 4 in Transmutations
   240 | D:1      | Reached XP level 3. HP: 23/26 MP: 4/6
   887 | D:2      | Learned a level 2 spell: Sticks to Snakes
   975 | D:2      | Reached XP level 4. HP: 19/32 MP: 2/8
   996 | D:2      | Learned a level 4 spell: Ice Form
  1179 | D:2      | Reached skill level 5 in Transmutations
  1970 | D:3      | Reached skill level 1 in Ice Magic
  2163 | D:3      | Reached XP level 5. HP: 33/37 MP: 7/9
  2169 | D:3      | Found a faded altar of an unknown god.
  2187 | D:3      | Noticed Natasha
  2197 | D:3      | Killed Natasha
  2369 | D:3      | Noticed Natasha
  2572 | D:3      | Killed Natasha
  2794 | D:3      | Noticed Natasha
  2806 | D:3      | Killed Natasha
  2806 | D:3      | Reached skill level 6 in Transmutations
  2968 | D:3      | Found a faded altar of an unknown god.
  3015 | D:4      | HP: 1/37 [gnoll/+0 halberd (5)]
  3414 | D:4      | Noticed Dowan
  3416 | D:4      | Noticed Duvessa
  3503 | D:4      | HP: 1/37 [Duvessa/+0 short sword (5)]
  3510 | D:4      | Killed Duvessa
  3510 | D:4      | Reached XP level 6. HP: 21/43 MP: 8/11
  3792 | D:4      | Slain by a gnoll

Levels and vault maps discovered:
D:1:      dpeg_arrival_houses_and_road, layout_basic
D:2:      minmay_spotlight, layout_basic, serial_park_tiny_pond
D:3:      layout_rooms, chequers_ecumenical_altar_grove, uniq_natasha
D:4:      layout_basic, uniq_duvessa

Skill      XL: |  1  2  3  4  5 |
---------------+----------------+-----
Transmutations | 3 4 5 6 |  6.0
Ice Magic      | 1 3 |  3.3
Spellcasting   | 3 |  3.5
Fighting       | |  1.1
Dodging        | |  2.6
Unarmed Combat | |  3.2

Action                   |  1- 3 |  4- 6 || total
-------------------------+-------+-------++-------
Melee: Unarmed           |   126 |   191 ||   317
       Headbutt          |    16 |    27 ||    43
       Punch             |       |     1 ||     1
 Cast: Beastly Appendage |    28 |    25 ||    53
       Sticks to Snakes  |     3 |     2 ||     5
  Use: Scroll            |     3 |     1 ||     4
       Potion            |       |     2 ||     2
  Eat: Chunk             |       |     8 ||     8
       Ration            |       |     1 ||     1
Armor: Robe              |    35 |    31 ||    66
Dodge: Dodged            |    95 |   122 ||   217
Block: Buckler           |       |    21 ||    21

Table legend:
 A = Non-vault XP
 B = Vault XP
 C = Vault XP percentage of total XP
 D = Non-vault monster count
 E = Vault monster count
 F = Vault count percentage of total count
                 A         B        C        D         E       F
            +---------+---------+-------+---------+---------+-------
      Total |     261 |     160 |  38.0 |      78 |       5 |   6.0
            +---------+---------+-------+---------+---------+-------
        D:1 |      41 |       0 |   0.0 |      27 |       0 |   0.0
        D:2 |      80 |      17 |  17.5 |      28 |       3 |   9.7
        D:3 |     118 |      25 |  17.5 |      20 |       1 |   4.8
        D:4 |      22 |     118 |  84.3 |       3 |       1 |  25.0
            +---------+---------+-------+---------+---------+-------
